 Dungeon Crawl Stone Soup version 0.30.0-29-ga12c61a403 (webtiles) character file.

Game seed: 3245303488042816002

28542 qw the Cleaver (level 13, -5/82 HPs)
             Began as a Gargoyle Fighter on June 5, 2023.
             Was an Elder of Okawaru.
             Slain by a death yak (12 damage)
             ... on level 4 of the Lair of Beasts.
             The game lasted 00:07:21 (11751 turns).

qw the Cleaver (Gargoyle Fighter)                  Turns: 11751, Time: 00:07:22

Health: -5/82      AC: 34    Str: 27    XL:     13   Next: 39%
Magic:  20/20      EV: 11    Int:  9    God:    Okawaru [****..]
Gold:   768        SH:  6    Dex:  9    Spells: 12/12 levels left

rFire   . . .        Y - +1 war axe
rCold   . . .        c - +0 buckler
rNeg    + . .        p - +4 chain mail of the Lonely Persimmons {Str+2 SInv}
rPois   inf          m - +0 helmet
rElec   +            h - +0 cloak
rCorr   .            g - +2 pair of gloves
SInv    +            (no boots)
Will    +....        x - amulet of faith Stlth
                     (no ring)
HPRegen 0.33/turn    t - ring of willpower
MPRegen 0.17/turn

%: faith
@: about to teleport, heroic
A: sickness immunity, AC +9, negative energy resistance 1, electricity
resistance, torment resistance 1, petrification resistance
a: Renounce Religion, Heroism, Finesse


You were on level 4 of the Lair of Beasts.
You worshipped Okawaru.
Okawaru was greatly pleased with you.
You visited 3 branches of the dungeon, and saw 14 of its levels.

You collected 798 gold pieces.
You spent 30 gold pieces at shops.


Innate Abilities, Weirdness & Mutations

You are immune to sickness and miasma.
Your stone body is resilient. (AC +9)
You are immune to poison.
You resist negative energy. (rN+)
You are resistant to electric shocks. (rElec)
You are resistant to unholy torment.
You are immune to petrification.


   Skills:
 - Level 10.1(15.1) Fighting
 + Level 13.8(18.8) Axes
 - Level 4.0(9.0) Throwing
 - Level 10.0(15.0) Armour
 - Level 2.4(7.4) Dodging
 - Level 6.0(11.0) Shields
 - Level 10.0 Invocations


You had 12 spell levels left.
You didn't know any spells.
Your spell library was empty.

Inventory:

Hand Weapons
 u - a +0 flail
 v - a +2 antimagic war axe
 B - the +3 whip "Qextoept" {heavy, rC+}
   (You found it on level 2 of the Lair of Beasts)

   rC:        It protects you from cold.
 Y - a +1 war axe (weapon)
Armour
 c - a +0 buckler (worn)
 g - a +2 pair of gloves (worn)
 h - a +0 cloak (worn)
 m - a +0 helmet (worn)
 p - the +4 chain mail of the Lonely Persimmons (worn) {Str+2 SInv}
   (Okawaru gifted it to you on level 4 of the Lair of Beasts)

   Str:       It affects your strength (+2).
   SInv:      It lets you see invisible.
 q - the +1 pair of gloves of the Threshing Gods {Int+4 Dex-5 SInv}
   (You acquired it on level 8 of the Dungeon)

   Int:       It affects your intelligence (+4).
   Dex:       It affects your dexterity (-5).
   SInv:      It lets you see invisible.
Jewellery
 e - an amulet of regeneration
 j - a ring of see invisible
 t - a ring of willpower (right hand)
 x - an amulet of faith (around neck)
Scrolls
 s - a scroll of identify
Potions
 a - 2 potions of lignification
 d - a potion of might
 f - a potion of cancellation
 k - 6 potions of curing
 l - 3 potions of attraction
 n - 3 potions of haste
 D - a potion of magic

Dungeon Overview and Level Annotations

Branches:
Dungeon (8/15)             Temple (1/1) D:5            Lair (5/5) D:8
 Shoals (0/4) Lair:3        Snake (0/4) Lair:2        Slime (0/5) Lair:4

Altars:
Ashenzari
Cheibriados
Dithmenos
Elyvilon
Fedhas
Gozag
Hepliaklqana
Kikubaaqudgha
Makhleb
Nemelex Xobeh
Okawaru
Qazlal
Ru
Sif Muna
Trog
Uskayaw
Vehumet
Wu Jian
Xom
Yredelemnul
Zin
The Shining One

Shops:
D:1 !   D:2 ?

Annotations:
D:3 3 runed translucent doors, qw's ghost, amateur GrFi
D:6 1 runed translucent door, Crazy Yiuf


Message History

You slash the death yak!
The death yak is heavily wounded.
You slash the death yak! You miss the water moccasin.
You hit the death yak but do no damage.
The death yak gores you but does no damage.
The death yak gores you. The death yak closely misses you.
The water moccasin bites you but does no damage.
You slice the death yak!!
The death yak is almost dead.
You barely miss the death yak. You closely miss the water moccasin.
You hit the death yak but do no damage. The death yak gores you!
You block the water moccasin's attack.
The death yak gores you but does no damage.
The death yak misses you.
You barely miss the death yak.
The death yak is almost dead.
You hit the death yak. You miss the water moccasin.
You barely miss the death yak. You block the water moccasin's attack.
You hit the death yak but do no damage.
The death yak is almost dead.
You barely miss the death yak. You closely miss the water moccasin.
You hit the death yak.
The death yak gores you but does no damage.
The death yak gores you!
The death yak gores you but does no damage.
The water moccasin closely misses you.
11750 ||| READING scroll of teleportation.
As you read the scroll of teleportation, it crumbles to dust.
You feel strangely unstable. The death yak closely misses you.
You block the water moccasin's attack. The death yak barely misses you. x2
You hit the death yak but do no damage.
The death yak is almost dead.
You slash the water moccasin!
You hit the death yak but do no damage. x2
The water moccasin bites you but does no damage.
The death yak closely misses you.
The death yak gores you but does no damage.
The death yak gores you!
You die...

.###....# ##.....##
..##(...##########.....##
.####....#..#.#P#......P# .#
#.................#.##
.####...............####
.P###....(.P.......### #######
.....##..(P(......#.P#####.#.#.##
.........((P....S................
..!............Y@Y...............
................Y................
.........>.......................
.................................
.#......##........P###...####.##.
...................P###### ##..#
.#..................### ####
.......#..............###
....#.....#....##.......##


You could see 3 death yaks and a water moccasin.

Vanquished Creatures
  4 hydras
  A catoblepas (Lair:4)
  A two-headed ogre (D:8)
  A skyshark (Lair:2)
  A wolf spider (Lair:1)
  A manticore (D:8)
  15 elephants
  4 black mambas
  A gargoyle (D:8)
  9 cane toads
  An unseen horror (D:8)
  An efreet (D:8)
  2 rime drakes
  3 komodo dragons
  A troll (D:8)
  2 hornets
  Grinder (D:4)
  2 polar bears (Lair:3)
  8 blink frogs (Lair:4)
  4 wyverns
  16 yaks
  Eustachio (D:4)
  A vampire mosquito (D:8)
  2 basilisks
  Menkaure (D:4)
  3 steam dragons
  4 nagas (Lair:2)
  8 water moccasins
  An orc warrior (D:7)
  3 ice beasts
  A black bear (D:8)
  2 sky beasts
  3 ogres
  14 wolves
  3 centaurs
  4 kobold brigands
  A phantom (D:6)
  4 bullfrogs
  Blork the orc (D:6)
  3 scorpions
  4 wights (D:8)
  7 killer bees
  An electric eel (Lair:3)
  2 howler monkeys
  6 jellies
  11 hounds
  2 orc priests (D:7)
  3 gnoll boudas
  6 iguanas
  3 orc wizards
  Terence (D:3)
  Robin (D:3)
  12 gnolls
  9 adders
  A shadow imp (D:6)
  2 white imps
  3 ufetubi
  8 dart slugs
  13 orcs
  7 ball pythons
  9 endoplasms
  A giant cockroach (D:1)
  21 goblins
  7 hobgoblins
  2 quokkas
  7 bats
  A frilled lizard (D:1)
  14 kobolds
  4 rats
307 creatures vanquished.

Vanquished Creatures (others)
  An orc wizard (D:7)
1 creature vanquished.

Grand Total: 308 creatures vanquished

Notes
Turn   | Place    | Note
-------+----------+-------------------------------------------
     0 | D:1      | qw the Gargoyle Fighter began the quest for the Orb.
     0 | D:1      | Reached XP level 1. HP: 14/14 MP: 1/1
     0 | D:1      | 0 ||| qw: Version: 0.2-a-108-gee2c290
     0 | D:1      | 0 ||| qw: Game counter: 1360
     0 | D:1      | 0 ||| qw: Always use a shield: true
     0 | D:1      | 0 ||| qw: God list: Okawaru
     0 | D:1      | 0 ||| qw: Allow faded altars: false
     0 | D:1      | 0 ||| qw: Do Orc after D:15 true
     0 | D:1      | 0 ||| qw: Do second Lair branch before Depths: true
     0 | D:1      | 0 ||| qw: Lair rune preference: random
     0 | D:1      | 0 ||| qw: Plans: Normal, Zot:1-4, Slime:5, God:TSO, Crypt,
                  | Tomb, Abyss, Pan, Hells, Win
     0 | D:1      | 0 ||| PLANNING D:1-11
    16 | D:1      | 16 ||| Stepping ~*~*~tactically~*~*~ (hiding).
    28 | D:1      | Reached skill level 2 in Axes
    46 | D:1      | Reached XP level 2. HP: 19/19 MP: 2/2
    57 | D:1      | Found Mithric's Distillery.
    92 | D:1      | 92 ||| FLEEEEING.
    96 | D:1      | 96 ||| Stepping ~*~*~tactically~*~*~ (stealth).
   172 | D:1      | 172 ||| SHOPLISTING 2 potions of curing (72 gold, have 19).
   172 | D:1      | 172 ||| SHOPLISTING potion of attraction (36 gold, have
                  | 19).
   172 | D:1      | 172 ||| SHOPLISTING potion of curing (36 gold, have 19).
   172 | D:1      | 172 ||| SHOPLISTING potion of heal wounds (60 gold, have
                  | 19).
   172 | D:1      | 172 ||| SHOPLISTING potion of resistance (120 gold, have
                  | 19).
   201 | D:1      | 201 ||| Stepping ~*~*~tactically~*~*~ (stealth).
   205 | D:1      | 205 ||| Stepping ~*~*~tactically~*~*~ (stealth).
   206 | D:1      | 206 ||| Stepping ~*~*~tactically~*~*~ (stealth).
   208 | D:1      | 208 ||| Stepping ~*~*~tactically~*~*~ (hiding).
   209 | D:1      | 209 ||| Stepping ~*~*~tactically~*~*~ (hiding).
   255 | D:1      | Reached skill level 3 in Axes
   276 | D:1      | Reached XP level 3. HP: 23/23 MP: 3/3
   633 | D:1      | 633 ||| Stepping ~*~*~tactically~*~*~ (hiding).
   834 | D:1      | 834 ||| UPGRADING to +0 chain mail.
   844 | D:1      | 844 ||| DROPPING +0 scale mail.
   845 | D:1      | 845 ||| UPGRADING to amulet of regeneration.
   850 | D:1      | 850 ||| UPGRADING to ring of see invisible.
   851 | D:1      | 851 ||| READING scroll labelled GEMUARH POTT.
   852 | D:1      | 852 ||| READING 2 scrolls labelled DOLOCAS DEGIQ.
   853 | D:1      | 853 ||| READING scroll labelled KIEXEN RUEBBU.
   858 | D:1      | 858 ||| DROPPING scroll of fog.
   934 | D:2      | 934 ||| Stepping ~*~*~tactically~*~*~ (hiding).
   948 | D:2      | Reached XP level 4. HP: 23/28 MP: 4/4
  1037 | D:2      | Found Sofuhiepp's Magic Scroll Boutique.
  1053 | D:2      | 1053 ||| BUYING scroll of teleportation (30 gold).
  1053 | D:2      | Bought a scroll of teleportation for 30 gold pieces
  1293 | D:2      | Reached skill level 4 in Axes
  1310 | D:2      | 1310 ||| Stepping ~*~*~tactically~*~*~ (hiding).
  1311 | D:2      | 1311 ||| Stepping ~*~*~tactically~*~*~ (hiding).
  1593 | D:2      | 1593 ||| SWAPPING to +1 antimagic war axe.
  1594 | D:2      | 1594 ||| DROPPING +0 war axe.
  1620 | D:2      | 1620 ||| UPGRADING to +0 cloak.
  1625 | D:2      | 1625 ||| READING scroll labelled YRHIUDUELE.
  1626 | D:2      | 1626 ||| READING scroll labelled MAEKLA DOXOFOU.
  1627 | D:2      | 1627 ||| READING scroll labelled DAGGAO WOAMP.
  1661 | D:3      | Found a hide-covered altar of Uskayaw.
  1665 | D:3      | 1665 ||| Stepping ~*~*~tactically~*~*~ (hiding).
  1669 | D:3      | 1669 ||| Stepping ~*~*~tactically~*~*~ (hiding).
  1814 | D:3      | Found a runed translucent gate.
  1814 | D:3      | Found a runed translucent gate.
  1814 | D:3      | Found a runed translucent gate.
  1905 | D:3      | Noticed Terence
  1911 | D:3      | Killed Terence
  1917 | D:3      | Reached XP level 5. HP: 32/32 MP: 1/5
  1919 | D:3      | 1919 ||| DROPPING +0 club.
  2138 | D:3      | Noticed Robin
  2169 | D:3      | Killed Robin
  2234 | D:3      | Noticed qw's ghost (amateur GrFi)
  2350 | D:3      | 2350 ||| UPGRADING to +0 pair of gloves.
  2355 | D:3      | 2355 ||| UPGRADING to +0 helmet.
  2360 | D:3      | 2360 ||| READING scroll labelled LUVICKIANK.
  2384 | D:4      | Noticed Grinder
  2384 | D:4      | Noticed Menkaure
  2392 | D:4      | Killed Grinder
  2393 | D:4      | Reached skill level 6 in Axes
  2393 | D:4      | Reached XP level 6. HP: 15/37 MP: 2/6
  2394 | D:4      | HP: 4/37 [Menkaure (7)]
  2395 | D:4      | 2395 ||| READING 3 scrolls of teleportation.
  2395 | D:4      | HP: 1/37 [kobold/+0 short sword (4)]
  2399 | D:4      | 2399 ||| READING 2 scrolls of teleportation.
  2401 | D:4      | Killed Menkaure
  2402 | D:4      | Reached XP level 7. HP: 10/44 MP: 2/7
  2501 | D:4      | 2501 ||| Stepping ~*~*~tactically~*~*~ (stealth).
  2503 | D:4      | 2503 ||| Stepping ~*~*~tactically~*~*~ (stealth).
  2508 | D:4      | Reached skill level 1 in Throwing
  2567 | D:4      | Noticed Eustachio
  2569 | D:4      | 2569 ||| Stepping ~*~*~tactically~*~*~ (stealth).
  2580 | D:4      | Identified the +0 leather armour of the Big Bang {rC-
                  | Str+6}
  2581 | D:4      | 2581 ||| Stepping ~*~*~tactically~*~*~ (stealth).
  2590 | D:4      | Reached skill level 1 in Dodging
  2638 | D:4      | Killed Eustachio
  2872 | D:4      | 2872 ||| DROPPING ring of flight.
  2873 | D:4      | 2873 ||| UPGRADING to ring of willpower.
  2874 | D:4      | 2874 ||| READING scroll labelled TASEGE RO TEHURR.
  2875 | D:4      | 2875 ||| DRINKING 2 pink potions.
  2898 | D:5      | Entered Level 5 of the Dungeon
  2918 | D:5      | Reached skill level 7 in Axes
  2978 | D:5      | Reached XP level 8. HP: 22/49 MP: 2/8
  3278 | D:5      | 3278 ||| Stepping ~*~*~tactically~*~*~ (stealth).
  3373 | D:5      | 3373 ||| FLEEEEING.
  3596 | D:5      | Reached skill level 8 in Axes
  3598 | D:5      | Found a staircase to the Ecumenical Temple.
  3599 | D:5      | 3599 ||| PLANNING TEMPLE
  3599 | D:5      | 3599 ||| READING scroll labelled WADYENN WURA.
  3600 | D:5      | 3600 ||| DRINKING 2 fuming amethyst potions.
  3705 | D:5      | 3705 ||| READING 2 scrolls of identify.
  3705 | D:5      | 3705 ||| IDENTIFYING clear potion
  3706 | D:5      | 3706 ||| DROPPING potion of berserk rage.
  3715 | Temple   | Entered the Ecumenical Temple
  3734 | Temple   | 3734 ||| PLANNING OKAWARU WORSHIP
  3953 | Temple   | Became a worshipper of Warmaster Okawaru
  3953 | Temple   | 3953 ||| PLANNING D:1-11
  4017 | D:6      | 4017 ||| PLANNING SEWER
  4032 | D:6      | Reached skill level 6 in Fighting
  4067 | D:6      | 4067 ||| SWAPPING to +0 war axe.
  4139 | D:6      | Noticed Blork the orc
  4152 | D:6      | Killed Blork the orc
  4153 | D:6      | Reached XP level 9. HP: 37/56 MP: 9/9
  4185 | D:6      | 4185 ||| Stepping ~*~*~tactically~*~*~ (hiding).
  4232 | D:6      | Reached skill level 9 in Axes
  4340 | D:6      | 4340 ||| DROPPING +0 heavy mace.
  4374 | D:6      | Reached * piety under Okawaru
  4388 | D:6      | 4388 ||| Stepping ~*~*~tactically~*~*~ (stealth).
  4416 | D:6      | Reached skill level 1 in Invocations
  4466 | D:6      | Reached skill level 3 in Invocations
  4625 | D:6      | Noticed a hornet
  4634 | D:6      | 4634 ||| INVOKING Heroism.
  4636 | D:6      | Killed a hornet
  4669 | D:6      | Found a runed translucent door.
  4670 | D:6      | Noticed Crazy Yiuf
  4722 | D:6      | Found a white marble altar of Elyvilon.
  4774 | D:6      | 4774 ||| RIP SEWER
  4853 | D:6      | 4853 ||| PLANNING D:1-11
  4974 | D:6      | 4974 ||| READING scroll labelled AMEOVV HYUGEUXKIRR.
  4975 | D:6      | 4975 ||| DRINKING 2 fizzy coppery potions.
  4976 | D:6      | 4976 ||| DRINKING 2 white potions.
  4977 | D:6      | 4977 ||| READING 2 scrolls of identify.
  4977 | D:6      | 4977 ||| IDENTIFYING murky grey potion
  4978 | D:6      | 4978 ||| DROPPING potion of brilliance.
  5024 | D:7      | 5024 ||| Stepping ~*~*~tactically~*~*~ (stealth).
  5049 | D:7      | 5049 ||| INVOKING Heroism.
  5103 | D:7      | Identified the +5 dagger of the Feeding Gods {flame, rPois
                  | Int+3 Stlth+}
  5106 | D:7      | 5106 ||| INVOKING Heroism.
  5121 | D:7      | Found a shimmering altar of Xom.
  5141 | D:7      | Found an opulent altar of Gozag.
  5164 | D:7      | 5164 ||| INVOKING Heroism.
  5385 | D:7      | Found an ancient bone altar of Kikubaaqudgha.
  5388 | D:7      | Found a snail-covered altar of Cheibriados.
  5389 | D:7      | Found a shimmering blue altar of Sif Muna.
  5408 | D:7      | 5408 ||| Stepping ~*~*~tactically~*~*~ (stealth).
  5411 | D:7      | 5411 ||| Stepping ~*~*~tactically~*~*~ (stealth).
  5413 | D:7      | 5413 ||| Stepping ~*~*~tactically~*~*~ (cloud).
  5415 | D:7      | 5415 ||| Stepping ~*~*~tactically~*~*~ (hiding).
  5416 | D:7      | 5416 ||| INVOKING Heroism.
  5417 | D:7      | 5417 ||| Stepping ~*~*~tactically~*~*~ (cloud).
  5437 | D:7      | 5437 ||| INVOKING Heroism.
  5455 | D:7      | 5455 ||| Stepping ~*~*~tactically~*~*~ (hiding).
  5457 | D:7      | 5457 ||| Stepping ~*~*~tactically~*~*~ (hiding).
  5458 | D:7      | Found a glowing golden altar of the Shining One.
  5469 | D:7      | Reached XP level 10. HP: 62/63 MP: 13/13
  5540 | D:7      | 5540 ||| Stepping ~*~*~tactically~*~*~ (stealth).
  5552 | D:7      | Reached skill level 10 in Axes
  5609 | D:7      | Reached skill level 6 in Armour
  5854 | D:7      | 5854 ||| UPGRADING to +0 plate armour.
  5864 | D:7      | 5864 ||| DROPPING +0 chain mail.
  5942 | D:8      | 5942 ||| Stepping ~*~*~tactically~*~*~ (stealth).
  5943 | D:8      | 5943 ||| Stepping ~*~*~tactically~*~*~ (stealth).
  5953 | D:8      | Reached ** piety under Okawaru
  6004 | D:8      | 6004 ||| Stepping ~*~*~tactically~*~*~ (stealth).
  6007 | D:8      | 6007 ||| INVOKING Heroism.
  6020 | D:8      | 6020 ||| Stepping ~*~*~tactically~*~*~ (stealth).
  6021 | D:8      | 6021 ||| Stepping ~*~*~tactically~*~*~ (stealth).
  6022 | D:8      | 6022 ||| Stepping ~*~*~tactically~*~*~ (stealth).
  6057 | D:8      | Reached skill level 3 in Throwing
  6061 | D:8      | 6061 ||| INVOKING Heroism.
  6124 | D:8      | 6124 ||| Stepping ~*~*~tactically~*~*~ (stealth).
  6125 | D:8      | 6125 ||| Stepping ~*~*~tactically~*~*~ (stealth).
  6127 | D:8      | 6127 ||| Stepping ~*~*~tactically~*~*~ (hiding).
  6128 | D:8      | 6128 ||| Stepping ~*~*~tactically~*~*~ (hiding).
  6129 | D:8      | 6129 ||| Stepping ~*~*~tactically~*~*~ (hiding).
  6130 | D:8      | 6130 ||| Stepping ~*~*~tactically~*~*~ (hiding).
  6137 | D:8      | 6137 ||| INVOKING Heroism.
  6164 | D:8      | 6164 ||| Stepping ~*~*~tactically~*~*~ (stealth).
  6170 | D:8      | 6170 ||| Stepping ~*~*~tactically~*~*~ (stealth).
  6186 | D:8      | 6186 ||| INVOKING Heroism.
  6189 | D:8      | 6189 ||| Stepping ~*~*~tactically~*~*~ (stealth).
  6222 | D:8      | Noticed an unseen horror
  6223 | D:8      | 6223 ||| Stepping ~*~*~tactically~*~*~ (stealth).
  6241 | D:8      | 6241 ||| Stepping ~*~*~tactically~*~*~ (stealth).
  6244 | D:8      | 6244 ||| Stepping ~*~*~tactically~*~*~ (stealth).
  6276 | D:8      | Killed an unseen horror
  6303 | D:8      | Noticed a manticore
  6303 | D:8      | Noticed a two-headed ogre
  6303 | D:8      | Noticed a gargoyle
  6304 | D:8      | 6304 ||| Stepping ~*~*~tactically~*~*~ (hiding).
  6307 | D:8      | 6307 ||| INVOKING Heroism.
  6313 | D:8      | Killed a two-headed ogre
  6313 | D:8      | Reached *** piety under Okawaru
  6314 | D:8      | Reached skill level 11 in Axes
  6314 | D:8      | Reached XP level 11. HP: 36/68 MP: 11/14
  6325 | D:8      | 6325 ||| INVOKING Heroism.
  6326 | D:8      | HP: 13/68 [gargoyle/stone arrow (14)]
  6327 | D:8      | 6327 ||| READING 4 scrolls of teleportation.
  6441 | D:8      | 6441 ||| INVOKING Heroism.
  6623 | D:8      | 6623 ||| Stepping ~*~*~tactically~*~*~ (hiding).
  6637 | D:8      | 6637 ||| INVOKING Heroism.
  6699 | D:8      | 6699 ||| Stepping ~*~*~tactically~*~*~ (hiding).
  6703 | D:8      | 6703 ||| INVOKING Heroism.
  6709 | D:8      | Killed a manticore
  6728 | D:8      | Identified the staff of air "Ewisk" {+Blink rElec Str+2}
  6760 | D:8      | Reached skill level 9 in Fighting
  6799 | D:8      | Found a staircase to the Lair.
  6837 | D:8      | 6837 ||| Stepping ~*~*~tactically~*~*~ (stealth).
  6839 | D:8      | 6839 ||| Stepping ~*~*~tactically~*~*~ (hiding).
  6841 | D:8      | 6841 ||| Stepping ~*~*~tactically~*~*~ (hiding).
  6842 | D:8      | 6842 ||| Stepping ~*~*~tactically~*~*~ (hiding).
  7023 | D:8      | 7023 ||| PLANNING LAIR
  7023 | D:8      | 7023 ||| READING 2 scrolls labelled ANIPSI XOISUNT.
  7023 | D:8      | Identified 2 scrolls of acquirement
  7023 | D:8      | 7023 ||| ACQUIRING +3 chain mail "Qumagh" {Will- Int+3 SInv
                  | Stlth+}
  7023 | D:8      | Acquired the +3 chain mail "Qumagh" {Will- Int+3 SInv
                  | Stlth+}
  7025 | D:8      | 7025 ||| READING scroll of acquirement.
  7025 | D:8      | 7025 ||| ACQUIRING +1 pair of gloves of the Threshing Gods
                  | {Int+4 Dex-5 SInv}
  7025 | D:8      | Acquired the +1 pair of gloves of the Threshing Gods {Int+4
                  | Dex-5 SInv}
  7027 | D:8      | 7027 ||| READING scroll labelled HEYRIN JAT.
  7028 | D:8      | 7028 ||| DRINKING 3 silvery potions.
  7089 | Lair:1   | Entered Level 1 of the Lair of Beasts
  7098 | Lair:1   | 7098 ||| STAIRDANCE
  7126 | D:8      | 7126 ||| INVOKING Heroism.
  7192 | Lair:1   | 7192 ||| STAIRDANCE
  7311 | Lair:1   | Noticed a wolf spider
  7312 | Lair:1   | 7312 ||| Stepping ~*~*~tactically~*~*~ (stealth).
  7318 | Lair:1   | 7318 ||| INVOKING Heroism.
  7329 | Lair:1   | Killed a wolf spider
  7330 | Lair:1   | Reached skill level 12 in Axes
  7350 | Lair:1   | Reached **** piety under Okawaru
  7454 | Lair:1   | 7454 ||| INVOKING Heroism.
  7501 | Lair:1   | 7501 ||| INVOKING Heroism.
  7504 | Lair:1   | Reached skill level 9 in Armour
  7541 | Lair:1   | 7541 ||| INVOKING Heroism.
  7696 | Lair:1   | Found a radiant altar of Vehumet.
  7840 | Lair:2   | Found a staircase to the Snake Pit.
  7849 | Lair:2   | 7849 ||| INVOKING Heroism.
  7850 | Lair:2   | Received a gift from Okawaru
  7987 | Lair:2   | 7987 ||| READING scroll of enchant armour.
  7987 | Lair:2   | 7987 ||| ENCHANTING +0 pair of gloves.
  7992 | Lair:2   | Noticed a skyshark
  8016 | Lair:2   | Killed a skyshark
  8095 | Lair:2   | 8095 ||| Stepping ~*~*~tactically~*~*~ (stealth).
  8107 | Lair:2   | Reached XP level 12. HP: 64/76 MP: 16/16
  8115 | Lair:2   | Reached skill level 6 in Shields
  8164 | Lair:2   | Reached skill level 6 in Invocations
  8401 | Lair:2   | Identified the +3 whip "Qextoept" {heavy, rC+}
  8485 | Lair:2   | 8485 ||| READING scroll labelled HUHEUS SAVOPYW.
  8486 | Lair:2   | 8486 ||| READING 2 scrolls of identify.
  8486 | Lair:2   | 8486 ||| IDENTIFYING sapphire potion
  8527 | Lair:3   | 8527 ||| INVOKING Heroism.
  8559 | Lair:3   | Found a staircase to the Shoals.
  8578 | Lair:3   | 8578 ||| INVOKING Heroism.
  8628 | Lair:3   | 8628 ||| INVOKING Heroism.
  8638 | Lair:3   | Noticed a four-headed hydra
  8645 | Lair:3   | 8645 ||| SWAPPING to +3 whip "Qextoept" {heavy, rC+}.
  8650 | Lair:3   | Killed a four-headed hydra
  8651 | Lair:3   | 8651 ||| SWAPPING to +0 war axe.
  8712 | Lair:3   | Noticed a seven-headed hydra
  8713 | Lair:3   | 8713 ||| INVOKING Heroism.
  8718 | Lair:3   | 8718 ||| SWAPPING to +3 whip "Qextoept" {heavy, rC+}.
  8725 | Lair:3   | Killed a seven-headed hydra
  8726 | Lair:3   | 8726 ||| SWAPPING to +0 war axe.
  8823 | Lair:3   | Noticed an eight-headed hydra
  8824 | Lair:3   | 8824 ||| INVOKING Heroism.
  8830 | Lair:3   | 8830 ||| SWAPPING to +3 whip "Qextoept" {heavy, rC+}.
  8833 | Lair:3   | Killed an eight-headed hydra
  8834 | Lair:3   | 8834 ||| SWAPPING to +0 war axe.
  8874 | Lair:3   | 8874 ||| Stepping ~*~*~tactically~*~*~ (stealth).
  8899 | Lair:3   | 8899 ||| INVOKING Heroism.
  8971 | Lair:3   | 8971 ||| READING scroll of enchant weapon.
  8971 | Lair:3   | 8971 ||| ENCHANTING +0 war axe.
  9384 | Lair:3   | 9384 ||| UPGRADING to amulet of faith.
  9407 | Lair:4   | 9407 ||| STAIRDANCE
  9467 | Lair:4   | 9467 ||| INVOKING Heroism.
  9473 | Lair:4   | Reached skill level 9 in Invocations
  9475 | Lair:4   | Reached ***** piety under Okawaru
  9796 | Lair:4   | 9796 ||| Stepping ~*~*~tactically~*~*~ (stealth).
  9817 | Lair:4   | 9817 ||| INVOKING Heroism.
  9830 | Lair:4   | Received a gift from Okawaru
  9831 | Lair:4   | Reached skill level 13 in Axes
  9841 | Lair:4   | Reached XP level 13. HP: 47/82 MP: 20/20
  9863 | Lair:4   | 9863 ||| INVOKING Heroism.
 10012 | Lair:4   | 10012 ||| READING scroll of enchant armour.
 10012 | Lair:4   | 10012 ||| ENCHANTING +1 pair of gloves.
 10069 | Lair:4   | Found a staircase to the Slime Pits.
 10077 | Lair:4   | 10077 ||| INVOKING Heroism.
 10098 | Lair:4   | Identified the +4 chain mail of the Lonely Persimmons
                  | {Str+2 SInv} (Okawaru gifted it to you on level 4 of the
                  | Lair of Beasts)
 10098 | Lair:4   | Received a gift from Okawaru
 10197 | Lair:4   | 10197 ||| INVOKING Heroism.
 10250 | Lair:4   | 10250 ||| INVOKING Heroism.
 10358 | Lair:4   | 10358 ||| INVOKING Heroism.
 10363 | Lair:4   | 10363 ||| INVOKING Finesse.
 10534 | Lair:4   | 10534 ||| Stepping ~*~*~tactically~*~*~ (stealth).
 10536 | Lair:4   | 10536 ||| INVOKING Heroism.
 10538 | Lair:4   | 10538 ||| UPGRADING to +4 chain mail of the Lonely
                  | Persimmons {Str+2 SInv}.
 10539 | Lair:4   | 10539 ||| UPGRADING to +4 chain mail of the Lonely
                  | Persimmons {Str+2 SInv}.
 10542 | Lair:4   | 10542 ||| UPGRADING to +4 chain mail of the Lonely
                  | Persimmons {Str+2 SInv}.
 10543 | Lair:4   | 10543 ||| UPGRADING to +4 chain mail of the Lonely
                  | Persimmons {Str+2 SInv}.
 10546 | Lair:4   | 10546 ||| UPGRADING to +4 chain mail of the Lonely
                  | Persimmons {Str+2 SInv}.
 10547 | Lair:4   | 10547 ||| UPGRADING to +4 chain mail of the Lonely
                  | Persimmons {Str+2 SInv}.
 10549 | Lair:4   | 10549 ||| UPGRADING to +4 chain mail of the Lonely
                  | Persimmons {Str+2 SInv}.
 10550 | Lair:4   | 10550 ||| UPGRADING to +4 chain mail of the Lonely
                  | Persimmons {Str+2 SInv}.
 10553 | Lair:4   | 10553 ||| UPGRADING to +4 chain mail of the Lonely
                  | Persimmons {Str+2 SInv}.
 10554 | Lair:4   | 10554 ||| UPGRADING to +4 chain mail of the Lonely
                  | Persimmons {Str+2 SInv}.
 10564 | Lair:4   | 10564 ||| REMOVING ring of see invisible.
 10565 | Lair:4   | 10565 ||| DROPPING +0 plate armour.
 10565 | Lair:4   | HP: 1/82 [lindwurm/blast of flame (30)]
 10566 | Lair:4   | 10566 ||| READING 3 scrolls of teleportation.
 10567 | Lair:4   | 10567 ||| DRINKING potion of heal wounds.
 10568 | Lair:4   | 10568 ||| DROPPING +2 scale mail of cold resistance.
 10740 | Lair:4   | 10740 ||| DROPPING +3 chain mail "Qumagh" {Will- Int+3 SInv
                  | Stlth+}.
 10991 | Lair:4   | 10991 ||| Stepping ~*~*~tactically~*~*~ (stealth).
 11113 | Lair:4   | 11113 ||| INVOKING Heroism.
 11117 | Lair:4   | 11117 ||| SWAPPING to +3 whip "Qextoept" {heavy, rC+}.
 11124 | Lair:4   | 11124 ||| SWAPPING to +1 war axe.
 11136 | Lair:4   | Identified the +4 great sword of Foonwett {freeze, rN+ MP+9
                  | Stlth+}
 11366 | Lair:4   | 11366 ||| DRINKING 2 bubbling cyan potions.
 11369 | Lair:4   | 11369 ||| READING 4 scrolls of identify.
 11369 | Lair:4   | 11369 ||| IDENTIFYING fizzy black potion
 11370 | Lair:4   | 11370 ||| READING 3 scrolls of identify.
 11370 | Lair:4   | 11370 ||| IDENTIFYING viscous silvery potion
 11371 | Lair:4   | 11371 ||| READING 2 scrolls of identify.
 11371 | Lair:4   | 11371 ||| IDENTIFYING lumpy emerald potion
 11372 | Lair:4   | 11372 ||| DROPPING potion of degeneration.
 11373 | Lair:4   | 11373 ||| DROPPING potion of flight.
 11374 | Lair:4   | 11374 ||| DROPPING potion of ambrosia.
 11474 | Lair:4   | HP: 8/82 [lindwurm/blast of flame (26)]
 11475 | Lair:4   | 11475 ||| READING 2 scrolls of teleportation.
 11727 | Lair:5   | Entered Level 5 of the Lair of Beasts
 11728 | Lair:5   | 11728 ||| INVOKING Heroism.
 11743 | Lair:5   | 11743 ||| STAIRDANCE
 11749 | Lair:4   | HP: 7/82 [death yak (16)]
 11750 | Lair:4   | 11750 ||| READING scroll of teleportation.
 11751 | Lair:4   | Slain by a death yak

Levels and vault maps discovered:
D:1:      lightli_arrival_quake, layout_basic, serial_shops,
          nicolae_shop_hallway_plus, minivault_4
D:2:      layout_basic, serial_shops, shop
D:3:      layout_basic, nicolae_overflow_crystal_walls,
          gammafunk_ghost_necromancy, uniq_robin, uniq_terence
D:4:      layout_rooms, uniq_grinder, uniq_eustachio, uniq_menkaure
D:5:      layout_basic, minmay_temple_entry_nine_rooms, chequers_mini_garden
D:6:      layout_rooms, nicolae_elyvilon_peaceful_grove, portal_sewer_entry_d,
          minmay_chambers_of_fives, uniq_blork_the_orc, uniq_crazy_yiuf_cottage
D:7:      layout_loops_cross, pf_just_have_faith,
          nicolae_overflow_quartered_altars, mainiacjoe_overflow_tiny_flanked
D:8:      minmay_the_grid_octo_triangle [minmay_the_grid_octo_concentric,
          minmay_the_grid_octo_prize_ultimate_mussel_roller,
          minmay_the_grid_octo_vomiting_pacman], layout_basic, lair_entry_dummy,
          minmay_gold_behind_fungi
Temple:   dpeg_chambers_temple
Lair:1:   layout_cave_shapes, basic_altar, st_stairs_5,
          nicolae_lair_run_with_the_wolves
Lair:2:   layout_cave_shapes, minmay_snake_entry_guardpost_medium
Lair:3:   layout_roguey, elwin_shoals_entry_rocks, serial_bayou_shore_a
Lair:4:   cheibrodos_lair_river_kwai, layout_hall_layers,
          nicolae_slime_entry_slimehenge, minmay_lindwurm_lava,
          infiniplex_staircase_pool_2, lemuel_fruit_tree
Lair:5:   gammafunk_lair_ancient_temple, layout_gridlike,
          dreamdust_gnoll_shepherd, lemuel_fruit_fields

Skill      XL: |  1  2  3  4  5  6  7  8  9 10 11 12 13 |
---------------+----------------------------------------+-----
Axes           | 2 3 4 6 7 8 9 11 12 13 | 13.8
Fighting       | 4 5 6 7 8 9 10 | 10.1
Throwing       | 1 2 3 4 |  4.0
Dodging        | 1 2 |  2.4
Armour         | 4 5 7 9 10 | 10.0
Shields        | 4 5 6 |  6.0
Invocations    | 4 5 9 10 | 10.0

Action                     |  1- 3 |  4- 6 |  7- 9 | 10-12 | 13-15 || total
---------------------------+-------+-------+-------+-------+-------++-------
  Melee: War axe           |    89 |   128 |   348 |   641 |   110 ||  1316
         Whip              |       |       |       |    15 |     6 ||    21
  Throw: Javelin           |       |       |    53 |    45 |     3 ||   101
         Boomerang         |       |       |       |    22 |    21 ||    43
 Invoke: Heroism           |       |       |     6 |    23 |     8 ||    37
         Finesse           |       |       |       |       |     1 ||     1
    Use: Scroll            |     3 |     6 |     5 |     8 |     7 ||    29
         Potion            |       |       |     4 |     1 |     2 ||     7
 Armour: Scale mail        |    30 |       |       |       |       ||    30
         Chain mail        |    10 |    80 |   213 |    61 |    39 ||   403
         Plate armour      |       |       |       |   571 |    14 ||   585
  Dodge: Dodged            |    37 |    56 |   135 |   297 |    61 ||   586
  Block: Buckler           |    18 |    21 |    73 |   212 |    31 ||   355

Table legend:
 A = Non-vault XP
 B = Vault XP
 C = Vault XP percentage of total XP
 D = Non-vault monster count
 E = Vault monster count
 F = Vault count percentage of total count
                 A         B        C        D         E       F
            +---------+---------+-------+---------+---------+-------
      Total |   30597 |   10178 |  25.0 |     237 |      70 |  22.8
            +---------+---------+-------+---------+---------+-------
        D:1 |      59 |       0 |   0.0 |      31 |       0 |   0.0
        D:2 |      55 |       0 |   0.0 |      17 |       0 |   0.0
        D:3 |      36 |      68 |  65.4 |      12 |      13 |  52.0
        D:4 |     204 |     635 |  75.7 |      15 |       3 |  16.7
        D:5 |     881 |       0 |   0.0 |      23 |       0 |   0.0
        D:6 |    1422 |     456 |  24.3 |      26 |       7 |  21.2
        D:7 |    1500 |       0 |   0.0 |      30 |       0 |   0.0
        D:8 |    2598 |    4836 |  65.1 |      17 |      24 |  58.5
     Lair:1 |    2011 |    1701 |  45.8 |       8 |      11 |  57.9
     Lair:2 |    2054 |     636 |  23.6 |       9 |       4 |  30.8
     Lair:3 |    8621 |       0 |   0.0 |      19 |       0 |   0.0
     Lair:4 |   10562 |    1846 |  14.9 |      28 |       8 |  22.2
     Lair:5 |     594 |       0 |   0.0 |       2 |       0 |   0.0
            +---------+---------+-------+---------+---------+-------
